 Dungeon Crawl Stone Soup version 0.30.1-11-g7821555f0a (webtiles) character file.

Game seed: 2173738943756212421

668 hbear the Destroyer (level 7, -1/37 HPs)
             Began as a Tengu Conjurer on Dec 8, 2023.
             Killed from afar by a white imp (10 damage)
             ... with a puff of frost
             ... summoned by Eustachio
             ... on level 4 of the Dungeon.
             The game lasted 00:19:19 (3520 turns).

hbear the Destroyer (Tengu Conjurer)                Turns: 3520, Time: 00:19:20

Health: -1/37      AC:  3    Str:  6 (7)  XL:     7   Next: 58%
Magic:  11/23      EV: 16    Int: 18 (21) God:
Gold:   115        SH:  0    Dex: 21      Spells: 4/14 levels left

rFire   . . .        h - +4 dagger
rCold   . . .        (no shield)
rNeg    . . .        k - +1 robe of Peek-a-Boo {Dex+3}
rPois   .            (helmet restricted)
rElec   .            (no cloak)
rCorr   .            (no gloves)
SInv    .            (boots unavailable)
Will    .....        (no amulet)
Stlth   +++          j - ring of magical power
HPRegen 0.26/turn    l - +6 ring of dexterity
MPRegen 0.18/turn

%: no passive effects
@: flying quickly and evasively, quick
A: beak, talons 3, nimble flight
a: no special abilities


You were on level 4 of the Dungeon.
You visited 1 branch of the dungeon, and saw 4 of its levels.
You also visited: Sewer.

You collected 115 gold pieces.

Inventory:

Hand Weapons
 h - a +4 dagger (weapon)
Missiles
 f - a throwing net
Armour
 k - the +1 robe of Peek-a-Boo (worn) {Dex+3}
   (You found it on level 3 of the Dungeon)

   Dex:       It affects your dexterity (+3).
Jewellery
 e - a +4 ring of protection
 j - a ring of magical power (left hand)
 l - a +6 ring of dexterity (right hand)
Scrolls
 a - a scroll of fear
 c - a scroll of poison
 d - a scroll of blinking
 g - 4 scrolls of fog
 o - a scroll of magic mapping
Potions
 b - a potion of magic
 i - a potion of curing {unknown}
 m - a potion of might {unknown}


   Skills:
 + Level 0.5 Fighting
 + Level 3.2 Dodging
 + Level 3.4 Stealth
 + Level 4.2 Spellcasting
 + Level 9.3 Conjurations


You had 4 spell levels left.
You knew the following spells:

 Your Spells              Type           Power      Damage    Failure   Level
a - Magic Dart            Conj           100%       1d8       1%          1
b - Searing Ray           Conj           74%        2d7       1%          2
c - Dazzling Flash        Conj/Hex       40%        N/A       6%          3
d - Fulminant Prism       Conj/Hex       10%        3d9       22%         4

Your spell library contained the following spells:

 Spells                   Type           Power      Damage    Failure   Level
 Mephitic Cloud           Conj/Pois/Air  14%        N/A       12%         3
 Call Imp                 Summ           6%         N/A       22%         2
 Iskenderun's Mystic Bla  Conj/Tloc      20%        2d6       22%         4


Dungeon Overview and Level Annotations

Branches:
Dungeon (4/15)             Temple (0/1) D:4           Sewer (visited)

Altars:
Zin

Annotations:
D:4 Eustachio


Innate Abilities, Weirdness & Mutations

You have a beak for a mouth.
You have claws for feet.
Your magical nature lets you fly swiftly and evasively.


Message History

The magic dart hits Eustachio.
Eustachio is moderately wounded.
Casting: Magic Dart (safe; 1% risk of failure)
Confirm with . or Enter, or press ? or * to list all spells.
Aiming: Magic Dart (safe; 1% risk of failure)
Press: ? - help, Shift-Dir - straight line, f/p - Eustachio
Aim: Eustachio, wielding a +0 rapier and wearing a +0 leather armour (blue smoke, moderately wounded, 100% to hit)
The magic dart hits Eustachio.
Eustachio is heavily wounded.
Eustachio casts a spell.
Eustachio blinks!
The white imp gestures at you. The puff of frost hits you!
* * * LOW HITPOINT WARNING * * *
The white imp picks up a beetle and eats it.
Casting: Magic Dart (safe; 1% risk of failure)
Confirm with . or Enter, or press ? or * to list all spells.
The spell is extremely dangerous to miscast (22% risk of failure)!
Continue anyway? [Y]es or [N]o only, please.
The spell is extremely dangerous to miscast (22% risk of failure)!
Continue anyway?
Aiming: Fulminant Prism (extremely dangerous; 22% risk of failure)
Press: ? - help, Dir - move target You conjure a prism of explosive energy!
A fulminant prism comes into view.
The white imp hits your fulminant prism but does no damage.
Casting: Fulminant Prism (extremely dangerous; 22% risk of failure)
Confirm with . or Enter, or press ? or * to list all spells.
The spell is extremely dangerous to miscast (22% risk of failure)!
Continue anyway? [Y]es or [N]o only, please.
The spell is extremely dangerous to miscast (22% risk of failure)!
Continue anyway?
Okay, then.
The white imp gestures at you.
The puff of frost hits your fulminant prism.
Your fulminant prism resists.
Your fulminant prism crackles loudly.
The white imp hits your fulminant prism but does no damage.
Your fulminant prism explodes!
The white imp gestures at you. The puff of frost hits you!
You die...

#.#.#.#########.#..
#@#.#.# ......#.#..
#5#.#.# ........#..
#.#.#.#######...#..
#.#.#..............
#.#.######.....###.
#.#..(.............
#.########.....###.
#.@..# #.....# ##
#....# #.....# #....#
########## #.####
######.... #.#
#.........
####.########.####....
#.............##.....#
#................###..
#..).........###......


You could see Eustachio and a white imp (summoned).

Vanquished Creatures
  Grinder (D:3)
  2 ogres
  A kobold brigand (Sewer)
  Blork the orc (D:4)
  8 adders
  4 river rats (Sewer)
  3 dart slugs
  3 bats
  2 endoplasms
  A giant cockroach (D:3)
  11 goblins
  6 hobgoblins
  4 jackals (Sewer)
  6 kobolds
  9 ball pythons
  5 frilled lizards
  10 rats
77 creatures vanquished.

Vanquished Creatures (others)
  3 fulminant prisms (D:4)
3 creatures vanquished.

Grand Total: 80 creatures vanquished

Notes
Turn   | Place    | Note
-------+----------+-------------------------------------------
     0 | D:1      | hbear the Tengu Conjurer began the quest for the Orb.
     0 | D:1      | Reached XP level 1. HP: 10/10 MP: 4/4
   271 | D:1      | Reached XP level 2. HP: 15/15 MP: 4/6
   481 | D:1      | Reached skill level 6 in Conjurations
  1047 | D:2      | Reached XP level 3. HP: 19/19 MP: 7/7
  1074 | D:2      | You fall into a shaft and drop 1 floor!
  1079 | D:3      | Identified the +1 robe of Peek-a-Boo {Dex+3}
  1353 | D:3      | Reached XP level 4. HP: 24/24 MP: 8/8
  1445 | D:3      | Found a glowing drain.
  1447 | D:3      | Noticed Grinder
  1449 | D:3      | Reached skill level 7 in Conjurations
  1465 | D:3      | Learned a level 2 spell: Searing Ray
  1478 | D:3      | Paralysed by Grinder for 3 turns
  1485 | D:3      | Killed Grinder
  1486 | D:3      | Reached skill level 8 in Conjurations
  1486 | D:3      | Gained mutation: Your magical nature lets you fly swiftly
                  | and evasively. [Tengu growth]
  1486 | D:3      | Reached XP level 5. HP: 10/28 MP: 8/10
  1486 | D:3      | Reached XP level 6. HP: 11/32 MP: 8/11
  1558 | Sewer    | Entered a sewer
  2650 | D:3      | Found a glowing silver altar of Zin.
  2827 | D:3      | Reached skill level 9 in Conjurations
  2827 | D:3      | Reached XP level 7. HP: 10/37 MP: 13/13
  2856 | D:3      | Learned a level 3 spell: Dazzling Flash
  2861 | D:3      | Learned a level 4 spell: Fulminant Prism
  3209 | D:4      | Found a staircase to the Ecumenical Temple.
  3423 | D:4      | Noticed Eustachio
  3423 | D:4      | Noticed Blork the orc
  3438 | D:4      | Killed Blork the orc
  3520 | D:4      | Killed from afar by a white imp

Illustrated notes

Levels and vault maps discovered:
D:1:      tarquinn_simple_flora_water_f, layout_loops_cross
D:2:      layout_basic, uniq_terence, uniq_natasha
D:3:      layout_basic, zin_scriptorium, portal_sewer_entry_a,
          minmay_ogre_servants, uniq_grinder
D:4:      layout_basic, mainiacjoe_overflow_alcove_1, minmay_temple_entry_trees,
          minmay_misc_feat_columns, uniq_eustachio, uniq_blork_the_orc

Skill      XL: |  1  2  3  4  5  6  7 |
---------------+----------------------+-----
Conjurations   | 6 8 9 |  9.3
Spellcasting   | 3 4 |  4.2
Stealth        | 3 |  3.4
Dodging        | 3 |  3.2
Fighting       | |  0.5

Action                     |  1- 3 |  4- 6 |  7- 9 || total
---------------------------+-------+-------+-------++-------
  Melee: Dagger            |       |    22 |     1 ||    23
         Kick              |       |    12 |     1 ||    13
         Peck              |       |     8 |       ||     8
         Punch             |       |     2 |       ||     2
   Cast: Magic Dart        |    61 |    57 |    23 ||   141
         Searing Ray       |       |     9 |     2 ||    11
         Fulminant Prism   |       |       |     3 ||     3
    Use: Scroll            |       |     5 |     3 ||     8
         Potion            |       |       |     4 ||     4
 Armour: Robe              |     4 |     3 |       ||     7
  Dodge: Dodged            |     4 |    24 |     6 ||    34
